 Dungeon Crawl Stone Soup version 0.25.1-2-g60ff931df9 (webtiles) character file.

Game seed: 4349018284455251967

28026 Drachen the Carver (level 12, -1/100 HPs)
             Began as a Demigod Gladiator on Oct 19, 2020.
             Slain by a large abomination (29 damage)
             ... on level 2 of the Abyss.
             The game lasted 01:02:52 (19606 turns).

Drachen the Carver (Demigod Gladiator)             Turns: 19606, Time: 01:02:53

Health: -1/100     AC: 15    Str: 23    XL:     12   Next: 73%
Magic:  15/15      EV: 18    Int: 12    God:
Gold:   599        SH:  6    Dex: 21    Spells: 11/11 levels left

rFire    + . .     SeeInvis .   Q - +0 scimitar (flame)
rCold    x . .     Gourm    .   n - +0 buckler
rNeg     . . .     Faith    .   P - +1 scale mail of Compression {rPois rCorr Stlth-}
rPois    +         Spirit   .   c - +0 helmet
rElec    .         Reflect  .   k - +2 cloak
rCorr    +         Harm     .   (no gloves)
MR       +....     Rnd*Rage +   q - +1 pair of boots
Stlth    ..........             (no amulet)
HPRegen  0.26/turn              l - ring of wizardry
MPRegen  0.14/turn              s - ring of fire

@: about to teleport
A: berserk 1, high mp 1, strong 1
a: no special abilities


You were on level 2 of the Abyss.
You were not hungry.

You visited 1 branch of the dungeon, and saw 13 of its levels.
You visited the Abyss 1 time.

You collected 792 gold pieces.
You spent 193 gold pieces at shops.

Inventory:

Hand Weapons
 m - a +0 short sword of freezing
 I - a +1 falchion of holy wrath
 J - a +3 scimitar
 M - the +2 short sword of False Hope {vorpal, rF+++ rN++ Str-2}
   (You found it on level 9 of the Dungeon)

   It inflicts extra damage upon your enemies.
   It affects your strength (-2).
   It renders you almost immune to fire.
   It greatly protects you from negative energy.
 Q - a +0 scimitar of flaming (weapon)
Missiles
 v - a curare-tipped dart (quivered)
 D - 10 poisoned darts
 K - 4 javelins
Armour
 a - a scarf of harm
 c - a +0 helmet (worn)
 k - a +2 cloak (worn)
 n - a +0 buckler (worn)
 q - a +1 pair of boots (worn)
 y - a +3 chain mail of cold resistance
 P - the +1 scale mail of Compression (worn) {rPois rCorr Stlth-}
   (You found it on level 2 of the Abyss)

   It protects you from poison.
   It provides partial protection from all sources of acid and corrosion.
   It makes you less stealthy.
Jewellery
 d - an uncursed ring of resist corrosion
 i - an uncursed ring of fire
 j - an uncursed ring of flight
 l - a ring of wizardry (left hand)
 s - a ring of fire (right hand)
 z - a +6 ring of intelligence
 G - an uncursed ring of positive energy
Wands
 b - a wand of flame (43)
 F - a wand of enslavement (8)
 L - a wand of iceblast (5)
Scrolls
 e - 2 scrolls of enchant weapon
 o - 5 scrolls of remove curse
 p - 2 scrolls of teleportation
 r - 2 scrolls of fear
 t - 4 scrolls of magic mapping
 w - 2 scrolls of fog
 B - 2 scrolls of immolation
 N - 2 scrolls of torment
 O - 2 scrolls of amnesia
Potions
 g - a potion of flight
 u - a potion of might
 A - 2 potions of mutation
 C - 2 potions of lignification
 H - 2 potions of brilliance
Comestibles
 f - 20 rations


   Skills:
 + Level 7.3 Fighting
 - Level 4.0(10.0) Short Blades
 - Level 13.7(14.0) Long Blades
 - Level 2.0 Throwing
 - Level 7.0 Armour
 + Level 10.2 Dodging
 - Level 4.0 Shields


You had 11 spell levels left.
You didn't know any spells.
Your spell library contained the following spells:

 Spells                   Type           Power        Failure   Level  Hunger
 Apportation              Tloc           #.....       28%         1    ##.....
 Foxfire                  Conj/Fire      #...         28%         1    ##.....
 Summon Butterflies       Summ           #.......     28%         1    ##.....
 Poisonous Vapours        Pois/Air       #.....       41%         2    ###....
 Conjure Flame            Conj/Fire      #.......     63%         3    ####...
 Inner Flame              Hex/Fire       #.......     63%         3    ####...
 Lesser Beckoning         Tloc           #.........   63%         3    ####...
 Mephitic Cloud           Conj/Pois/Air  #.......     63%         3    ####...
 Tukima's Dance           Hex            #.......     63%         3    ####...
 Sticky Flame             Conj/Fire      #.......     95%         4    #####..
 Alistair's Intoxication  Tmut/Pois      #.......     100%        5    ######.
 Fireball                 Conj/Fire      #.........   100%        5    ######.
 Freezing Cloud           Conj/Ice/Air   #.........   100%        6    #######
 Invisibility             Hex            #.......     100%        6    #######
 Ring of Flames           Chrm/Fire      #.........   100%        7    #######


Dungeon Overview and Level Annotations

Branches:
Dungeon (13/15)            Temple (0/1) D:6            Lair (0/6) D:9
    Orc (0/2) D:9
 Vaults: D:13-14

Shops:
D:9 (   D:10 [

Annotations:
D:9 3 runed translucent doors, exclusion: obsidian statue
D:13 Sonja


Innate Abilities, Weirdness & Mutations

You have an increased reservoir of magic. (+10% MP)
You tend to lose your temper in combat.
Your muscles are strong. (Str +2)


Message History

The large abomination hits you.
* * * LOW HITPOINT WARNING * * *
You are suddenly pulled into a different region of the Abyss!
Found 26 stones.
You start resting.
A dire elephant skeleton comes into view.
Okay, then.
Unknown command.
Press: ? - help, v - describe, . - travel
Here: a dire elephant skeleton The floor.
Unknown command.
A large abomination comes into view.
You block the large abomination's attack.
As you read the scroll of teleportation, it crumbles to dust.
You feel strangely unstable.
You feel the power of the Abyss delaying your translocation!
You hit the large abomination but do no damage.
The large abomination hits you!!
You die...

. . # ..#.## .#.#.
..#.. ......#.....#
....##...#.#....#.#
.#.#...#...##.....
........#.......#.#
# ......#.#..#...#
.#...##.# .#..###
#.#.. ##..#.##..##
# # #....#.....X@#
###....#.#..####
....#.######
......... .........
#.#...... #.##
#....


You could see a large abomination.

Vanquished Creatures
  A blizzard demon (D:13)
  Snorg (D:13)
  The ghost of Qudoamn the Carver, a journeyman DsFi of Makhleb (D:13)
  Josephine (D:11)
  The ghost of Cykl0x the Carver, a journeyman FoFi of the Shining One (D:11)
  A rakshasa (D:13)
  A centaur warrior (D:13)
  5 two-headed ogres
  3 skeletal warriors (D:8)
  Pikel (D:8)
  2 manticores (D:12)
  2 ugly things
  2 large abominations (Abyss:2)
  A rust devil (Abyss:2)
  Maggie (D:9)
  3 ice devils (D:13)
  2 efreet
  An ancient zyme (Abyss:2)
  A meliai (shapeshifter) (D:12)
  A troll (D:13)
  Grinder (D:3)
  Prince Ribbit (D:8)
  A harpy skeleton (D:12)
  2 hippogriffs
  Sigmund (D:2)
  5 centaur simulacra (D:13)
  A vampire (D:11)
  3 spriggans (D:11)
  A shadow (D:11)
  A wyvern (D:8)
  A yak (D:8)
  A fire bat (Abyss:2)
  4 wraiths (D:11)
  Eustachio (D:3)
  2 basilisks (D:8)
  Menkaure (D:5)
  A water moccasin (D:8)
  6 orc warriors
  4 sky beasts
  5 ice beasts
  2 slaves
  2 meliai simulacra (D:13)
  7 ogres
  6 black bears
  2 phantoms
  4 centaurs
  A crocodile (D:13)
  2 big kobolds
  10 bullfrogs
  Blork the orc (D:3)
  2 wyvern skeletons
  14 killer bees
  3 scorpions
  11 wights
  6 howler monkeys
  5 crimson imps
  2 centaur zombies
  2 jellies (D:5)
  4 quasits
  4 centaur skeletons
  8 hounds
  8 orc priests
  4 bullfrog skeletons
  8 orc wizards
  Jessica (D:2)
  2 iguanas
  Natasha (twice) (D:3)
  6 worker ants
  2 bullfrog simulacra (D:13)
  2 worker ant zombies
  2 howler monkey skeletons
  14 adders
  7 gnolls
  3 shadow imps
  A white imp (Abyss:2)
  An ooze (D:3)
  An adder skeleton (D:5)
  2 adder zombies (D:5)
  2 worms
  4 leopard geckos
  41 orcs
  8 giant cockroaches
  13 goblins
  13 hobgoblins
  14 jackals
  9 kobolds
  10 quokkas
  8 bats
  4 frilled lizards
  A leopard gecko skeleton (D:4)
  A quokka skeleton (D:6)
  A quokka zombie (D:7)
  10 rats
378 creatures vanquished.

Vanquished Creatures (others)
  A small abomination (Abyss:2)
  A sky beast (D:6)
  A slave (D:8)
  Natasha (D:3)
  3 kobolds (D:13)
  A quokka (D:5)
  A plant (D:11)
  4 starspawn tentacles (Abyss:2)
13 creatures vanquished.

Grand Total: 391 creatures vanquished

Notes
Turn   | Place    | Note
-------+----------+-------------------------------------------
     0 | D:1      | Drachen the Demigod Gladiator began the quest for the Orb.
     0 | D:1      | Reached XP level 1. HP: 17/17 MP: 3/3
   277 | D:1      | Reached XP level 2. HP: 20/24 MP: 4/4
   531 | D:1      | Reached skill level 3 in Long Blades
   824 | D:1      | Reached skill level 1 in Armour
   981 | D:2      | Reached XP level 3. HP: 29/29 MP: 5/5
   982 | D:2      | Found a shimmering altar of Xom.
   996 | D:2      | Noticed a scorpion
  1021 | D:2      | Killed a scorpion
  1245 | D:2      | Noticed Sigmund
  1358 | D:2      | Reached XP level 4. HP: 36/36 MP: 6/6
  1543 | D:2      | Found a faded altar of an unknown god.
  1608 | D:2      | Noticed Jessica
  1628 | D:2      | Killed Jessica
  1737 | D:2      | Killed Sigmund
  1737 | D:2      | Reached skill level 4 in Long Blades
  1737 | D:2      | Reached XP level 5. HP: 4/41 MP: 7/7
  2170 | D:2      | Found a glowing silver altar of Zin.
  2310 | D:3      | Reached XP level 6. HP: 28/48 MP: 8/8
  2574 | D:3      | Found a burning altar of Makhleb.
  2663 | D:3      | Noticed Natasha
  2666 | D:3      | Noticed Grinder
  2675 | D:3      | Gained mutation: You are clumsy. (Dex -2) [potion of
                  | mutation]
  2675 | D:3      | Gained mutation: You tend to lose your temper in combat.
                  | [potion of mutation]
  2675 | D:3      | Lost mutation: You are clumsy. (Dex -2) [potion of
                  | mutation]
  2675 | D:3      | Gained mutation: Your muscles are strong. (Str +2) [potion
                  | of mutation]
  2699 | D:3      | Killed Natasha
  2710 | D:3      | Paralysed by Grinder for 5 turns
  2716 | D:3      | Killed Grinder
  2716 | D:3      | Reached skill level 1 in Shields
  2925 | D:3      | Reached XP level 7. HP: 55/55 MP: 9/9
  3261 | D:3      | Noticed Natasha
  3274 | D:3      | Killed Natasha
  3480 | D:3      | Noticed Natasha
  3492 | D:3      | Killed Natasha
  3492 | D:3      | Reached skill level 5 in Dodging
  3528 | D:4      | Noticed Eustachio
  3528 | D:4      | Noticed Blork the orc
  3587 | D:3      | Killed Eustachio
  3587 | D:3      | Reached skill level 5 in Long Blades
  3837 | D:3      | Killed Blork the orc
  4040 | D:4      | Found a hide-covered altar of Uskayaw.
  4040 | D:4      | Noticed a +0 hand axe
  4040 | D:4      | Noticed a +0 dagger
  4244 | D:4      | Found a radiant altar of Vehumet.
  4419 | D:5      | Entered Level 5 of the Dungeon
  4526 | D:5      | Reached skill level 6 in Long Blades
  4585 | D:4      | Reached XP level 8. HP: 25/61 MP: 10/10
  4777 | D:5      | Reached skill level 1 in Short Blades
  5314 | D:5      | Found a sacrificial altar of Ru.
  5514 | D:5      | Reached skill level 7 in Long Blades
  5680 | D:5      | Found a white marble altar of Elyvilon.
  5963 | D:5      | Noticed Menkaure
  5972 | D:5      | Killed Menkaure
  6593 | D:6      | Found a staircase to the Ecumenical Temple.
  6619 | D:6      | Reached XP level 9. HP: 57/70 MP: 11/11
  7353 | D:6      | Found a snail-covered altar of Cheibriados.
  7848 | D:7      | Reached skill level 5 in Armour
  7859 | D:7      | Reached skill level 8 in Long Blades
  8512 | D:7      | Found a hazy altar of Hepliaklqana.
  8513 | D:7      | Found a shadowy altar of Dithmenos.
  8620 | D:8      | Noticed Prince Ribbit
  8637 | D:8      | Killed Prince Ribbit
  8866 | D:8      | Noticed a two-headed ogre
  8871 | D:8      | Reached skill level 5 in Fighting
  8877 | D:8      | Killed a two-headed ogre
  8877 | D:8      | Reached skill level 9 in Long Blades
  8877 | D:8      | Reached XP level 10. HP: 74/81 MP: 13/13
  9045 | D:8      | Found an opulent altar of Gozag.
  9104 | D:8      | Noticed Pikel
 10142 | D:8      | Killed Pikel
 10142 | D:8      | Reached skill level 10 in Long Blades
 10400 | D:9      | Found a staircase to the Lair.
 10626 | D:9      | Noticed a skeletal warrior
 10702 | D:9      | Noticed a skeletal warrior
 10702 | D:9      | Noticed a skeletal warrior
 10797 | D:8      | Killed a skeletal warrior
 10797 | D:8      | Reached skill level 11 in Long Blades
 11252 | D:8      | Killed a skeletal warrior
 12345 | D:8      | Killed a skeletal warrior
 12668 | D:8      | Found an opulent altar of Gozag.
 13054 | D:9      | Found a staircase to the Orcish Mines.
 13103 | D:9      | Found a runed translucent door.
 13116 | D:9      | Reached XP level 11. HP: 84/86 MP: 14/14
 13143 | D:9      | Found a runed translucent door.
 13166 | D:9      | Found a runed translucent door.
 13176 | D:9      | Found a runed translucent door.
 13212 | D:9      | Noticed Maggie
 13228 | D:9      | Killed Maggie
 13228 | D:9      | Reached skill level 12 in Long Blades
 13384 | D:9      | Found Iczil's Antique Weapon Shop.
 13493 | D:9      | Noticed an obsidian statue
 13517 | D:9      | Got a twisted short sword
 13520 | D:9      | Identified the cursed +2 short sword of False Hope {vorpal,
                  | rF+++ rN++ Str-2} (You found it on level 9 of the Dungeon)
 13530 | D:10     | Entered Level 10 of the Dungeon
 13530 | D:10     | Found Ylu Fax's Antique Armour Shoppe.
 13534 | D:10     | Bought a fine robe for 193 gold pieces
 13544 | D:10     | Identified the +1 robe of Gluttony {rElec rC+ MP+9} (You
                  | bought it in a shop on level 10 of the Dungeon)
 13665 | D:10     | Noticed a two-headed ogre
 13671 | D:10     | Killed a two-headed ogre
 13923 | D:10     | Noticed a two-headed ogre
 13934 | D:10     | Killed a two-headed ogre
 14637 | D:11     | Noticed a two-headed ogre
 14668 | D:11     | Killed a two-headed ogre
 15153 | D:11     | Noticed Josephine
 15161 | D:11     | Killed Josephine
 15359 | D:11     | Got a crystal spear
 15360 | D:11     | Identified the +11 spear of Voem Ath {vorpal, rPois Str-2
                  | Int+2} (You found it on level 11 of the Dungeon)
 15420 | D:11     | Found a runed translucent door.
 15420 | D:11     | Noticed Cykl0x's ghost (journeyman FoFi)
 15421 | D:11     | Identified the cursed +3 trident of Infinite Pain {vorpal,
                  | rF+ Stlth+}
 15502 | D:11     | Killed Cykl0x's ghost
 17012 | D:13     | Noticed a two-headed ogre
 17140 | D:12     | Killed a two-headed ogre
 17140 | D:12     | Reached XP level 12. HP: 63/97 MP: 15/15
 17767 | D:13     | Noticed Snorg
 17794 | D:13     | Killed Snorg
 17794 | D:13     | Reached skill level 13 in Long Blades
 18082 | D:13     | Noticed a centaur warrior
 18093 | D:13     | Killed a centaur warrior
 18318 | D:13     | Noticed a blizzard demon
 18318 | D:13     | Noticed Qudoamn's ghost (journeyman DsFi)
 18342 | D:13     | Found a runed translucent gate.
 18342 | D:13     | Found a runed translucent gate.
 18342 | D:13     | Found a runed translucent gate.
 18595 | D:13     | Killed Qudoamn's ghost
 18601 | D:13     | Killed a blizzard demon
 18641 | D:13     | Reached skill level 10 in Dodging
 18867 | D:13     | Noticed a rakshasa
 18901 | D:13     | Killed a rakshasa
 19132 | D:13     | Noticed Sonja
 19138 | D:13     | Cast into level 2 of the Abyss (Sonja)
 19227 | Abyss:2  | Noticed a tentacled starspawn
 19260 | Abyss:2  | Noticed a bone dragon
 19287 | Abyss:2  | Got an ichor-stained scale mail
 19298 | Abyss:2  | Identified the +1 scale mail of Compression {rPois rCorr
                  | Stlth-} (You found it on level 2 of the Abyss)
 19406 | Abyss:2  | Noticed a hellephant
 19409 | Abyss:2  | HP: 3/150 [hellephant/blast of flame (39)]
 19411 | Abyss:2  | Found a corrupted altar of Lugonu.
 19606 | Abyss:2  | Slain by a large abomination

Illustrated notes

Levels and vault maps discovered:
D:1:      sevenhm_arrival_forest_fort_large_2, layout_loops_ring
D:2:      kennysheep_the_goblin_king, layout_rooms, xom_teletrap_fun,
          zin_statuary, chequers_ecumenical_altar_simple, uniq_jessica,
          uniq_sigmund
D:3:      layout_basic, old_standard_altar, roderic_filled_cross, uniq_natasha,
          uniq_grinder
D:4:      layout_rooms, vehumet_crystals, dancing_weapons_uskayaw, first_ration,
          uniq_eustachio, uniq_blork_the_orc
D:5:      layout_loops_ring, elyvilon_altar_4, nicolae_overflow_crystal_walls,
          minivault_19, uniq_menkaure
D:6:      layout_rooms, cheibrodos_worm_habitat, temple_green
D:7:      layout_loops_ring, riverfiend_overflow_shadow_ancestor
D:8:      layout_loops_corners, nicolae_overflow_hidden_temple,
          uniq_prince_ribbit1, uniq_pikel
D:9:      layout_gridville, david_lair_generic, david_orc_3, serial_shops,
          shop_coins, blue_anna_alchemist [blue_anna_fruit_fields,
          blue_anna_fruit_fields], minmay_statue_crystal_thing, uniq_maggie
D:10:     layout_small_grid, serial_shops, shop
D:11:     minmay_stone_box, layout_basic, ebering_ghost_funeral_grove,
          uniq_josephine
D:12:     layout_stronghold
D:13:     layout_cave_pods, gammafunk_ghost_icy, grunt_decor_cap,
          lemuel_flamethrower_2, uniq_kirke, uniq_snorg, uniq_sonja
Abyss:2:  base: D:12, evilmike_abyss_exit_mutagenic,
          hangedman_abyss_or_decor_lesser_grid, small_statue_intersection,
          small_statue_intersection, hangedman_abyss_overflow_altar,
          hangedman_abyss_shoalhut

Skill      XL: |  1  2  3  4  5  6  7  8  9 10 11 12 |
---------------+-------------------------------------+-----
Throwing       | 2 |  2.0
Fighting       | 2 3 5 6 7 |  7.3
Long Blades    | 3 4 6 7 9 11 12 13 | 13.7
Armour         | 1 2 3 4 5 6 7 |  7.0
Dodging        | 3 4 5 7 8 10 | 10.2
Shields        | 1 4 |  4.0
Short Blades   | 2 3 4 |  4.0

Action                   |  1- 3 |  4- 6 |  7- 9 | 10-12 || total
-------------------------+-------+-------+-------+-------++-------
Melee: Long sword        |    50 |    17 |   256 |    31 ||   354
       Short sword       |    20 |   257 |   580 |    18 ||   875
       Falchion          |       |       |       |   274 ||   274
       Scimitar          |       |       |       |   584 ||   584
Throw: Throwing net      |     3 |     3 |     2 |       ||     8
       Javelin           |       |       |       |    29 ||    29
       Dart              |       |       |       |    15 ||    15
Evoke: Wand              |       |       |     1 |     9 ||    10
  Use: Potion            |       |     4 |     1 |     5 ||    10
       Scroll            |       |       |       |    23 ||    23
 Stab: Held in net/web   |     1 |     1 |     1 |       ||     3
       Invisible         |       |     1 |       |       ||     1
       Distracted        |       |       |       |     1 ||     1
  Eat: Chunk             |     1 |     6 |    20 |    18 ||    45
       Ration            |       |       |       |     5 ||     5
Armor: Ring mail         |    24 |    72 |       |       ||    96
       Leather armour    |     2 |       |       |       ||     2
       Scale mail        |       |    51 |   100 |     3 ||   154
       Chain mail        |       |       |   207 |   303 ||   510
Dodge: Dodged            |    56 |   226 |   376 |   450 ||  1108
Block: Buckler           |       |    38 |   187 |   241 ||   466
       Rpst.: Long sword |    15 |     2 |    38 |       ||    55
       Falchion          |       |       |       |    32 ||    32
       Scimitar          |       |       |       |    74 ||    74
